 Dungeon Crawl Stone Soup version 0.14-a0-1519-gc5e2f7f (webtiles) character file.

313 MackTheKnife the Changer (level 5, -2/37 HPs)
             Began as a Merfolk Transmuter on Dec 16, 2013.
             Killed by divine providence
             ... invoked by an orc priest
              (16 damage)
             ... on Level 4 of the Dungeon.
             The game lasted 00:08:15 (4105 turns).

MackTheKnife the Changer (Merfolk Transmuter)       Turns: 4105, Time: 00:08:15

HP  -2/37        AC  7     Str 10      XL: 5   Next: 73%
MP   7/9         EV 12     Int 13      God:
Gold 119         SH  0     Dex 15      Spells:  2 memorised,  3 levels left

rFire  . . .     SeeInvis .       - Unarmed
rCold  . . .     Clarity  .     l - +1 leather armour
rNeg   . . .     Conserve .     (no shield)
rPois  .         rCorr    .     i - +1 helmet
rElec  .         rRot     .     (no cloak)
SustAb . .       Spirit   .     u - +0 pair of gloves
rMut   .         Warding  .     (no boots)
Saprov . . .     Stasis   .     (no amulet)
                                (no ring)
                                (no ring)

@: slightly resistant to hostile enchantments, unstealthy
A: change form in water, swift swim
a: no special abilities


You were on level 4 of the Dungeon.
You were hungry.

You visited 2 branches of the dungeon, and saw 6 of its levels.

You collected 132 gold pieces.
You donated 13 gold pieces.


   Skills:
 - Level 1.1 Fighting
 - Level 3.6 Dodging
 + Level 4.6 Unarmed Combat
 - Level 2.0 Spellcasting
 + Level 5.2 Transmutations
 + Level 2.1 Poison Magic


You had 3 spell levels left.
You knew the following spells:

 Your Spells              Type           Power        Failure   Level  Hunger
c - Sticks to Snakes      Trmt           ##........   6%          2    ###....
x - Spider Form           Trmt/Pois      ##........   17%         3    ####...

Inventory:

Missiles
 b - an arrow
 m - 13 arrows of frost
Armour
 i - a +1 helmet (worn)
 l - a +1 leather armour (worn)
 u - a +0 pair of gloves (worn)
Magical devices
 h - a wand of fire (5)
 s - a wand of lightning (5)
Comestibles
 a - 3 bread rations
 c - a pear
 z - 2 meat rations
Scrolls
 f - 4 scrolls of identify
 j - a scroll of curse weapon {unknown}
 k - 3 scrolls of remove curse {unknown}
 y - a scroll of curse jewellery {unknown}
Potions
 e - a potion of might {unknown}
 g - 2 potions of curing
 n - a potion of agility {unknown}
 q - a potion of heal wounds
 r - a potion of mutation {unknown}
 x - a potion of poison {unknown}
Books
 d - a book of Changes

   Spells                             Type                      Level
   Beastly Appendage                  Transmutation                1
   *Sticks to Snakes                  Transmutation                2
   *Spider Form                       Transmutation/Poison         3
   Ice Form                           Ice/Transmutation            4
   Blade Hands                        Transmutation                5

≈≈≈≈≈≈≈≈≈≈≈≈≈≈≈≈≈≈≈≈≈≈▒·······▒≈≈
≈≈≈≈≈≈≈≈≈≈≈≈≈≈≈≈≈≈≈≈≈≈▒····>··▒≈≈
≈≈≈≈≈≈≈≈≈≈≈≈≈≈≈≈≈≈≈≈≈≈▒·······▒≈≈
≈≈≈≈≈≈≈≈≈≈≈≈≈≈≈≈≈≈≈≈≈≈▒·······▒≈≈
▒▒▒▒▒▒▒▒▒▒▒▒▒▒▒▒▒▒▒▒▒▒▒·······▒▒▒
·································
··················>··············
················)········)·······
················m[···············
>················o···············
·································
·································
·································
··························)······
·································
··························%·<····
▒▒▒▒▒▒▒▒▒▒▒▒▒▒▒▒▒▒▒▒▒▒▒·······▒▒▒


You could see an orc priest.


Message History

The orc priest calls upon Beogh to heal the orc priest.
The orc priest is healed somewhat.
The orc closely misses you.
You hit the orc priest but do no damage.
The orc priest looks even sicker.
The orc priest is moderately wounded.
The orc priest mumbles some strange prayers to Beogh against you.
Pain shoots through your body! The orc closely misses you.
Unknown command.
You hit the orc priest.
The orc priest is severely wounded.
Unknown command.
You hit the orc priest.
The orc priest looks even sicker.
The orc priest is almost dead.
You kill the orc priest!
Your Transmutations skill increases to level 5!
Your Poison Magic skill increases to level 2!
The orc completely misses you.
The orc priest hits you with an orcish war axe.
* * * LOW HITPOINT WARNING * * *
You hit the orc priest.
The orc priest is poisoned.
The orc priest is lightly wounded.
You kill the orc!
Unknown command.
You hit the orc priest but do no damage.
The orc priest looks even sicker.
The orc priest is lightly wounded.
Your transformation has ended.
The orc priest calls down the wrath of Beogh upon you.
Something smites you!
You die...

Action                   |  1- 3 |  4- 6 || total
-------------------------+-------+-------++-------
Melee: Unarmed           |   179 |   130 ||   309
 Cast: Beastly Appendage |     2 |       ||     2
       Sticks to Snakes  |     2 |    10 ||    12
       Spider Form       |       |     4 ||     4
Evoke: Wand              |       |     2 ||     2
  Use: Scroll            |       |    13 ||    13
       Potion            |       |     3 ||     3
 Stab: Sleeping          |     1 |     1 ||     2

Vault maps used:
D:1:      dpeg_entry_round_c
D:2:      wad_pebble_path, serial_bayou_crossing
D:4:      cheibriados_altar_1, uniq_eustachio, uniq_duvessa
D:5:      first_bread, st_stairs_7, minmay_item_behind_shaft
Temple:   circular_temple_13

Notes
Turn   | Place    | Note
--------------------------------------------------------------
     0 | D:1      | MackTheKnife, the Merfolk Transmuter, began the quest for the Orb.
     0 | D:1      | Reached XP level 1. HP: 15/15 MP: 3/3
   177 | D:1      | Reached skill level 3 in Dodging
   177 | D:1      | Reached XP level 2. HP: 11/21 MP: 4/4
   364 | D:1      | Reached skill level 3 in Transmutations
   809 | D:1      | Reached XP level 3. HP: 14/26 MP: 6/6
  1105 | D:1      | Learned a level 3 spell: Spider Form
  1108 | D:1      | Learned a level 2 spell: Sticks to Snakes
  1495 | D:2      | Reached skill level 4 in Unarmed Combat
  1812 | D:2      | Reached XP level 4. HP: 25/32 MP: 7/7
  2282 | D:3      | Reached skill level 4 in Transmutations
  2728 | D:3      | Reached skill level 1 in Poison Magic
  3149 | D:4      | Noticed Duvessa
  3150 | D:4      | Paralysed by a giant eyeball for 2 turns
  3153 | D:4      | Noticed Dowan
  3287 | D:4      | Noticed Eustachio
  3362 | D:4      | HP: 2/32 [poisoned by Duvessa]
  3402 | D:4      | Reached XP level 5. HP: 17/37 MP: 9/9
  3653 | D:4      | Killed Dowan
  3751 | D:4      | Found a staircase to the Ecumenical Temple.
  3753 | D:4      | Found a snail-covered altar of Cheibriados.
  3767 | Temple   | Entered the Ecumenical Temple
  3814 | Temple   | Became a worshipper of Zin the Law-Giver
  3814 | Temple   | Acquired Zin's first power
  3860 | D:5      | Entered Level 5 of the Dungeon
  3923 | Temple   | Fell from the grace of Zin
  3923 | Temple   | Became a worshipper of the Shining One
  4098 | D:4      | Was placed under penance by the Shining One
  4100 | D:4      | Fell from the grace of the Shining One
  4103 | D:4      | Reached skill level 5 in Transmutations
  4103 | D:4      | Reached skill level 2 in Poison Magic
  4105 | D:4      | Killed from afar by an orc priest

Vanquished Creatures
  Dowan (D:4)
  An orc priest (D:4)
  A worker ant (D:3)
  3 adders
  A giant eyeball (D:4)
  6 giant geckos
  2 orcs (D:4)
  A ball python (D:2)
  8 bats
  4 giant cockroaches
  6 goblins
  5 hobgoblins
  5 jackals (D:1)
  4 kobolds
  3 quokkas (D:2)
  3 giant newts
  4 rats
58 creatures vanquished.

Vanquished Creatures (collateral kills)
  An adder (D:4)
  A worm (D:2)
  3 goblins
  A hobgoblin (D:5)
  A giant newt (D:2)
  A kobold (D:2)
8 creatures vanquished.

Vanquished Creatures (others)
  An orc (D:4)
1 creature vanquished.

Grand Total: 67 creatures vanquished
